AoeStats
← Dogga

Hideout

510270303Analyzed
1v1 RM · 1d ago on Sep 30, 2026· 30m 19s· 2 players
Game mode
Random Map
Map size
Tiny (2 player)
Population
200
Speed
Normal
Resources
Standard
Victory
Conquest
Starting age
Dark Age
Ending age
Imperial Age
RankedLock teamsTeams togetherTeam positionsShared explorationLock speedFull tech treeHidden civsTurbo modeCheats
Victory
Defeat
🇦🇺 Khmer · Australia
953
+15
🇪🇸 Varangians · Spain
942
-15
Esdlm
8:00 Loom
10:23 Feudal Age
13:27 Bloodlines
14:32 Bloodlines
19:19 Wheelbarrow
19:40 Horse Collar
19:48 Double-Bit Axe
22:10 Castle Age
20:37 Gold Mining
21:53 Stone Mining
22:16 Forging
23:12 Husbandry
23:23 Heavy Plow
23:39 Bow Saw
Dogga
10:04 Feudal Age
8:19 Loom
11:13 Double-Bit Axe
14:10 Horse Collar
19:29 Castle Age
19:17 Scale Barding Armor
19:22 Forging
21:15 Bloodlines
20:31 Light Cavalry
21:22 Bloodlines
21:13 Husbandry
22:00 Chain Barding Armor
30:08 Fletching
30:29 Forging
Connection lost

Rejoining the realm…

Still unreachable

The connection could not be restored.

Session expired

The server has moved on; the page needs a fresh start.